 Dungeon Crawl Stone Soup version 0.30-b1-2-g02819fbbbe (webtiles) character file.

Game seed: 2968716729742044945

18800 Armakuni the Cleaver (level 12, -18/91 HPs)
             Began as a Djinni Berserker on May 10, 2023.
             Was a High Priest of Trog.
             Shot with an arrow by a centaur warrior (26 damage)
             ... on level 12 of the Dungeon.
             The game lasted 00:29:56 (12673 turns).

Armakuni the Cleaver (Djinni Berserker)            Turns: 12673, Time: 00:29:56

Health: -18/91     AC: 16    Str: 20    XL:     12   Next: 99%
Gold:   166        EV: 11    Int: 10    God:    Trog [*****.] SH:  6 Dex: 19

rFire   + + .        a - +4 war axe
rCold   . . .        E - +0 buckler
rNeg    . . .        B - +2 scale mail {rF+}
rPois   ∞            t - +2 helmet {SInv}
rElec   .            L - +0 cloak
rCorr   .            p - +2 pair of gloves of Dramatic Exits {+Inv Slay+3}
SInv    +            (boots unavailable)
Will    +++..        U - amulet of faith Stlth
                     D - +6 ring of dexterity
HPRegen 1.35/turn    J - ring of ice
MPRegen 0.00/turn

%: faith, infuse magic (-19 HP)
@: strong-willed, flying, regenerating
A: sickness immunity, fire resistance 2, cold vulnerability 1, float, innate
caster, HP casting, extra vitality 1
a: Renounce Religion, Evoke Invisibility, Berserk, Trog's Hand, Brothers in Arms


You were on level 12 of the Dungeon.
You worshipped Trog.
Trog was extremely pleased with you.
You visited 1 branch of the dungeon, and saw 12 of its levels.
You also visited: Sewer.

You collected 601 gold pieces.
You spent 435 gold pieces at shops.

Inventory:

Hand Weapons
 a - a +4 war axe (weapon)
 Q - a +2 scimitar of flaming
Missiles
 u - 6 javelins
 v - 31 poisoned darts
 y - 6 silver javelins
 K - 9 boomerangs
 R - 2 curare-tipped darts (quivered)
Armour
 o - a +0 tower shield
 p - the +2 pair of gloves of Dramatic Exits (worn) {+Inv Slay+3}
   (You found it on level 3 of the Dungeon)

   Slay:      It affects your accuracy & damage with ranged weapons and melee
   (+3).
   +Inv:      It lets you turn invisible.
 t - a +2 helmet of see invisible (worn)
 B - a +2 scale mail of fire resistance (worn)
 E - a +0 buckler (worn)
 L - a +0 cloak (worn)
 M - a scarf of invisibility
 P - a +2 plate armour of fire resistance
Jewellery
 D - a +6 ring of dexterity (left hand)
 J - a ring of ice (right hand)
 N - a ring of positive energy
 U - an amulet of faith (around neck)
Wands
 c - a wand of charming (7)
 d - a wand of polymorph (5)
 j - a wand of flame (17)
 m - a wand of mindburst (8)
 r - a wand of roots (12)
 s - a wand of quicksilver (3)
Scrolls
 e - 5 scrolls of fog
 f - 7 scrolls of teleportation
 q - 3 scrolls of immolation
 w - 2 scrolls of enchant armour
 z - 2 scrolls of vulnerability
 F - a scroll of magic mapping
Potions
 g - 3 potions of heal wounds
 h - 4 potions of cancellation
 i - a potion of brilliance {unknown}
 k - a potion of resistance
 l - 2 potions of invisibility
 n - a potion of berserk rage
 A - a potion of lignification
 C - a potion of magic {unknown}
 G - 4 potions of haste
 H - 7 potions of curing
 I - 4 potions of ambrosia
 X - a potion of mutation
Miscellaneous
 b - a phial of floods (inert)


   Skills:
 - Level 10.0 Fighting
 * Level 14.0 Axes
 - Level 3.0 Armour
 - Level 3.0 Dodging
 - Level 4.0 Shields
 - Level 6.0 Evocations


You knew the following spells:

 Your Spells              Type           Power      Damage    Failure   Level
a - Shock                 Conj/Air       0%         1d3       80%         1
b - Poisonous Vapours     Pois/Air       0%         N/A       90%         2
c - Portal Projectile     Hex/Tloc       0%         N/A       99%         3
d - Inner Flame           Hex/Fire       0%         N/A       99%         3
e - Olgreb's Toxic Radia  Pois           0%         N/A       100%        4
Your spell library was empty.


Dungeon Overview and Level Annotations

Branches:
Dungeon (12/15)            Temple (0/1) D:4            Lair (0/5) D:8
    Orc (0/2) D:10          Sewer (visited)

Altars:
Ashenzari
Fedhas
Gozag
Hepliaklqana
Nemelex Xobeh
Wu Jian
Xom
Yredelemnul
The Shining One

Shops:
D:5 *   D:10 [


Innate Abilities, Weirdness & Mutations

You are immune to sickness and miasma.
You are immune to poison.
Your flesh is very heat resistant. (rF++)
You are vulnerable to cold. (rC-)
You float through the air rather than walking.
You learn spells naturally, not from books.
Your magical power is your life essence.
You have superior vitality. (+4 MHP)


Message History

You completely miss the large slime creature.
Two slime creatures merge to form a very large slime creature.
Your slime creature hits the very large slime creature!
You slash the very large slime creature!
The very large slime creature is lightly wounded.
A very large slime creature splits.
Your slime creature hits the large slime creature!
You slash the slime creature!
The slime creature is heavily wounded.
You hit the large slime creature. You slash the slime creature!
The slime creature is severely wounded.
You slash the large slime creature! The large slime creature hits you!!
Your slime creature barely misses the large slime creature.
The slime creature hits you!
You barely miss the slime creature.
The slime creature is heavily wounded.
You slash the large slime creature! The large slime creature hits you!
* * * LOW HITPOINT WARNING * * *
Your slime creature hits the large slime creature.
The slime creature hits you!
* * * LOW HITPOINT WARNING * * *
The slime creature attacks as you move away!
The slime creature barely misses you.
The large slime creature attacks as you move away!
The large slime creature closely misses you.
The slime creature is no longer charmed.
Two slime creatures merge to form a very large slime creature.
Two slime creatures merge to form an enormous slime creature.
Blink to where?
Press: ? - help, Dir - move target
As you read the scroll of blinking, it crumbles to dust.
A centaur warrior comes into view.
The centaur warrior wields a +0 longbow.
The centaur warrior shoots an arrow.
You block the arrow.
The centaur warrior shoots an arrow.
You block the arrow.
Your skin crawls.
You feel strong-willed.
The centaur warrior shoots an arrow.
The arrow hits you!!
You die...

##..# #####..
####.).#######......
+...................
####)..#######......
#........# #......
#.##c###.# #...^..
#####....###.#
#......
..##........#
#......
#.##@########
####.## #. #.##.#
#.# ####. #....# #.
..... #.####
#..#####.# ##
#......J.#
...#.#.#J#.##
#..#J#§#.#
##.....#.#


You could see a centaur warrior.

Vanquished Creatures
  5 two-headed ogres
  2 boulder beetles (D:11)
  Pikel (D:9)
  2 cyclopes (D:11)
  A manticore (D:11)
  Joseph (D:7)
  3 rust devils (D:11)
  A gargoyle (D:11)
  2 orange demons (D:11)
  2 smoke demons (D:11)
  Maggie (D:6)
  A komodo dragon (D:11)
  A tengu conjurer (D:11)
  4 trolls
  Grinder (D:3)
  A hornet (D:9)
  7 slime creatures
  Sigmund (D:6)
  A shadow (D:11)
  2 wraiths
  A vampire (D:9)
  A wyvern (D:9)
  11 yaks
  A neqoxec (D:11)
  A steam dragon (D:7)
  3 vampire mosquitoes (D:10)
  2 wargs (D:8)
  An acid dragon (D:11)
  The ghost of Meagre the Gusty, an amateur TeAE (D:3)
  A black bear (D:8)
  2 orc warriors
  An ice beast (D:8)
  4 ogres
  4 centaurs
  A phantom (D:4)
  2 lemures (D:9)
  4 kobold brigands
  A scorpion (D:4)
  3 bullfrogs
  2 gnoll sergeants
  8 killer bees
  3 howler monkeys
  3 hounds
  A quasit (D:11)
  A jelly (Sewer)
  2 gnoll boudas
  4 orc priests
  A sleepcap (D:5)
  2 iguanas
  8 orc wizards
  15 gnolls
  8 adders
  3 river rats
  2 shadow imps
  A white imp (D:8)
  2 worms
  4 dart slugs
  30 orcs
  11 ball pythons
  9 bats
  11 endoplasms
  6 giant cockroaches
  6 goblins
  6 hobgoblins
  10 jackals (D:1)
  22 kobolds
  3 quokkas
  4 frilled lizards
  9 rats
282 creatures vanquished.

Vanquished Creatures (collateral kills)
  A komodo dragon (D:11)
1 creature vanquished.

Vanquished Creatures (others)
  An orc knight (D:11)
  An efreet (D:11)
  A hornet (D:11)
  2 slime creatures (D:12)
  A killer bee (D:11)
  2 demonic plants (D:11)
8 creatures vanquished.

Grand Total: 291 creatures vanquished

Notes
Turn   | Place    | Note
-------+----------+-------------------------------------------
     0 | D:1      | Armakuni the Djinni Berserker began the quest for the Orb.
     0 | D:1      | Reached XP level 1. HP: 20/20 MP: 0/0
   104 | D:1      | Reached XP level 2. HP: 17/25 MP: 0/0
   533 | D:1      | Reached XP level 3. HP: 20/30 MP: 0/0
   533 | D:1      | Learned a level 1 spell: Shock
   612 | D:1      | Reached ** piety under Trog
   628 | D:1      | Reached skill level 3 in Axes
  1248 | D:2      | Reached XP level 4. HP: 34/37 MP: 0/0
  1659 | D:2      | Found an ornate altar of the Wu Jian Council.
  2219 | D:3      | Found a sparkling altar of Nemelex Xobeh.
  2237 | D:3      | Noticed Grinder
  2241 | D:3      | Paralysed by Grinder for 2 turns
  2248 | D:3      | Killed Grinder
  2249 | D:3      | Reached skill level 5 in Fighting
  2249 | D:3      | Reached skill level 4 in Axes
  2249 | D:3      | Reached XP level 5. HP: 30/43 MP: 0/0
  2249 | D:3      | Learned a level 2 spell: Poisonous Vapours
  2249 | D:3      | Reached XP level 6. HP: 34/49 MP: 0/0
  2362 | D:3      | Found a glowing drain.
  2378 | Sewer    | Entered a sewer
  2500 | Sewer    | Reached *** piety under Trog
  2564 | Sewer    | Found a shimmering altar of Xom.
  2572 | Sewer    | Reached XP level 7. HP: 29/54 MP: 0/0
  2572 | Sewer    | Learned a level 3 spell: Portal Projectile
  3079 | D:3      | Found a basalt altar of Yredelemnul.
  3226 | D:3      | Found a broken altar of Ashenzari.
  3264 | D:3      | Found a runed translucent door.
  3264 | D:3      | Noticed Meagre's ghost (amateur TeAE)
  3357 | D:3      | Found a blossoming altar of Fedhas.
  3626 | D:3      | Killed Meagre's ghost
  3630 | D:3      | Identified the +2 pair of gloves of Dramatic Exits {+Inv
                  | Slay+3}
  3720 | D:4      | Reached skill level 1 in Evocations
  3721 | D:4      | Identified the +0 leather armour "Jifim" {Harm Dex+5}
  4073 | D:4      | Reached XP level 8. HP: 51/60 MP: 0/0
  4261 | D:4      | Found a staircase to the Ecumenical Temple.
  4401 | D:5      | Entered Level 5 of the Dungeon
  4409 | D:5      | Found Ryxananu's General Store.
  4415 | D:5      | Bought a scroll of enchant armour for 105 gold pieces
  4415 | D:5      | Bought a scroll of blinking for 105 gold pieces
  4466 | D:5      | Reached **** piety under Trog
  4545 | D:5      | Found a glowing golden altar of the Shining One.
  4601 | D:5      | Reached skill level 1 in Shields
  4673 | D:5      | Found an opulent altar of Gozag.
  5428 | D:6      | Noticed Maggie
  5458 | D:6      | Killed Maggie
  5459 | D:6      | Reached skill level 5 in Evocations
  5459 | D:6      | Reached XP level 9. HP: 52/65 MP: 0/0
  5459 | D:6      | Learned a level 3 spell: Inner Flame
  5544 | D:6      | Reached skill level 5 in Axes
  5664 | D:6      | Noticed Sigmund
  5676 | D:6      | Killed Sigmund
  6659 | D:7      | Reached skill level 6 in Axes
  6680 | D:7      | Noticed Joseph
  6699 | D:7      | Killed Joseph
  6996 | D:7      | Found a hazy altar of Hepliaklqana.
  7251 | D:8      | Found a staircase to the Lair.
  7275 | D:8      | Reached skill level 7 in Axes
  7275 | D:8      | Reached XP level 10. HP: 43/75 MP: 0/0
  7960 | D:8      | Reached skill level 8 in Axes
  8430 | D:9      | Noticed Pikel
  8454 | D:9      | Killed Pikel
  8690 | D:9      | Noticed Maurice
  8692 | D:9      | Maurice changed into Maurice the wyvern
  8692 | D:9      | Noticed Maurice
  8702 | D:9      | Killed Maurice the wyvern
  8716 | D:9      | Reached skill level 9 in Axes
  9172 | D:9      | Found a shimmering altar of Xom.
  9244 | D:9      | Noticed a two-headed ogre
  9254 | D:9      | Killed a two-headed ogre
  9255 | D:9      | Reached XP level 11. HP: 84/84 MP: 0/0
  9255 | D:9      | Learned a level 4 spell: Olgreb's Toxic Radiance
  9337 | D:9      | Reached ***** piety under Trog
  9572 | D:10     | Entered Level 10 of the Dungeon
  9582 | D:9      | Reached skill level 10 in Axes
  9832 | D:10     | Found Perchurao's Antique Armour Shop.
  9870 | D:10     | Bought a runed helmet for 225 gold pieces
  9955 | D:10     | Found a staircase to the Orcish Mines.
 10116 | D:10     | Noticed a two-headed ogre
 10126 | D:10     | Killed a two-headed ogre
 10127 | D:10     | Reached skill level 10 in Fighting
 10391 | D:11     | Noticed a two-headed ogre
 10394 | D:11     | Noticed a cyclops
 10397 | D:11     | Killed a two-headed ogre
 10398 | D:11     | Reached skill level 11 in Axes
 10405 | D:11     | Killed a cyclops
 10415 | D:11     | Reached XP level 12. HP: 28/91 MP: 0/0
 10737 | D:11     | Noticed a two-headed ogre
 10750 | D:11     | Killed a two-headed ogre
 10751 | D:11     | Reached skill level 12 in Axes
 10816 | D:11     | Noticed a boulder beetle
 10827 | D:11     | Killed a boulder beetle
 11162 | D:11     | Reached skill level 13 in Axes
 11492 | D:11     | Noticed a two-headed ogre
 11681 | D:11     | Killed a two-headed ogre
 11939 | D:11     | Noticed a boulder beetle
 11951 | D:11     | Killed a boulder beetle
 12401 | D:12     | Reached skill level 14 in Axes
 12663 | D:12     | HP: 4/91 [slime creature (14)]
 12670 | D:12     | Noticed a centaur warrior
 12673 | D:12     | Shot with an arrow by a centaur warrior

Illustrated notes

Levels and vault maps discovered:
D:1:      dpeg_arrival_prison, layout_loops_ring, kennysheep_small_spiral,
          nrook_uturn, minmay_misc_feat_secret_circle
D:2:      layout_loops_ring, basic_altar
D:3:      layout_loops_cross, mainiacjoe_overflow_tiny_flanked,
          nemelex_diamond_rough_becter, mainiacjoe_overflow_alcove_4,
          mainiacjoe_overflow_alcove_1, portal_sewer_entry_c,
          ebering_ghost_inner_flame, uniq_grinder
D:4:      layout_basic, kennysheep_mini, temple_hall
D:5:      layout_basic, tso_metal_star, old_standard_altar, serial_shops,
          nicolae_shop_rolling_square, grunt_ministairs_11, dk_noncrumbling_4,
          minivault_14
D:6:      layout_loops_ring, uniq_maggie, uniq_sigmund
D:7:      layout_basic, nicolae_hepliaklqana_hazy_memory, st_stairs_7,
          uniq_joseph
D:8:      layout_basic, erik_lair_orcish_takeover, minmay_misc_feat_doors
D:9:      layout_irregular_city, mainiacjoe_overflow_paths, serial_column_ruins,
          column_ruins_hut, column_ruins_open_tiny, column_ruins_open_medium,
          column_ruins_grid_1, column_ruins_grid_1,
          column_ruins_columns_straight, column_ruins_open_medium, uniq_maurice,
          uniq_pikel
D:10:     layout_big_octagon, orc_0_dummy, serial_shops, nicolae_shop_peninsula
D:11:     minmay_chambers_of_sevens, layout_loops_ring, serial_demonic,
          serial_demonic_f, serial_demonic_a, serial_demonic_e,
          serial_demonic_b, serial_demonic_d
D:12:     layout_loops_corners

Skill      XL: |  1  2  3  4  5  6  7  8  9 10 11 12 |
---------------+-------------------------------------+-----
Axes           | 3 4 7 9 11 14 | 14.0
Fighting       | 5 7 9 10 | 10.0
Dodging        | 3 |  3.0
Armour         | 3 |  3.0
Evocations     | 3 5 6 |  6.0
Shields        | 4 |  4.0

Action                     |  1- 3 |  4- 6 |  7- 9 | 10-12 || total
---------------------------+-------+-------+-------+-------++-------
  Melee: Hand axe          |   143 |   117 |   363 |   214 ||   837
         Punch             |     1 |     1 |     1 |       ||     3
         War axe           |       |       |       |   265 ||   265
  Throw: Dart              |       |       |    12 |    10 ||    22
         Throwing net      |       |       |       |     1 ||     1
 Invoke: Berserk           |     2 |     1 |     7 |    11 ||    21
         Trog's Hand       |       |       |     1 |     3 ||     4
Ability: Evoke Invisibilit |       |       |       |     3 ||     3
  Evoke: Wand              |       |       |     3 |    21 ||    24
         Phial of floods   |       |       |       |     1 ||     1
    Use: Scroll            |     2 |     3 |     6 |    14 ||    25
         Potion            |       |       |     1 |     3 ||     4
   Stab: Sleeping          |       |       |     1 |       ||     1
         Invisible         |       |       |       |    15 ||    15
         Held in net/web   |       |       |       |     2 ||     2
 Armour: Animal skin       |     5 |       |       |       ||     5
         Ring mail         |    88 |    42 |    17 |       ||   147
         Scale mail        |       |       |    83 |   202 ||   285
         Steam dragon scal |       |       |    12 |       ||    12
  Dodge: Dodged            |   123 |    51 |   155 |   266 ||   595
  Block: Buckler           |       |       |    47 |   156 ||   203
